 Dungeon Crawl Stone Soup version 0.27-a0-1280-g9d2d252d84 (webtiles) character file.

Game seed: 11193108055857188262

19607 MordorOrchid the Thaumaturge (level 13, -5/90 HPs)
             Began as a Djinni Earth Elementalist on June 13, 2021.
             Was an Initiate of Gozag.
             Shot with an arrow by a centaur warrior (15 damage)
             ... on level 13 of the Dungeon.
             The game lasted 00:43:30 (19083 turns).

MordorOrchid the Thaumaturge (DjEE)                Turns: 19083, Time: 00:43:31

Health: -5/90      AC: 15    Str:  7    XL:     13   Next: 5%
Gold:   465        EV: 15    Int: 22    God:    Gozag SH:  9 Dex: 14

rFire    + + .     SeeInvis .   l - +2 dagger (speed)
rCold    . . .     Faith    .   q - +3 buckler {reflect}
rNeg     . . .     Spirit   .   S - +0 leather armour "Fuhar" {rC+}
rPois    ∞         Reflect  +   w - +2 helmet
rElec    .         Harm     .   P - +2 cloak
rCorr    .         Rampage  .   X - +0 pair of gloves
Will     +....                  (boots unavailable)
Stlth    +++.......             (no amulet)
HPRegen  0.25/turn              s - +4 ring of protection
MPRegen  0.00/turn              (no ring)

@: gold aura, flying
A: sickness immunity, fire resistance 2, cold vulnerability 1, float, innate
caster, hp casting, extra vitality 1
a: Renounce Religion, Potion Petition, Call Merchant, Bribe Branch


You were on level 13 of the Dungeon.
You worshipped Gozag.
Gozag was aware of your devotion.
You visited 2 branches of the dungeon, and saw 14 of its levels.

You collected 1246 gold pieces.
You spent 488 gold pieces at shops.
You paid 293 gold pieces to Gozag.

Inventory:

Hand Weapons
 g - a +0 hunting sling of flaming
 l - a +2 dagger of speed (weapon)
 L - the +5 falchion of Cataclysm {drain, rPois Dex+3}
   (You found it on level 6 of the Dungeon)

   A truly terrible weapon, it drains the life of those it strikes.
   It affects your dexterity (+3).
   It protects you from poison.
Missiles
 b - 359 stones
 t - 3 boomerangs
 E - 35 poisoned darts
 N - 10 datura-tipped darts
 O - 89 sling bullets
 T - 3 throwing nets
 U - 2 silver boomerangs
Armour
 q - a +3 buckler of reflection (worn)
 w - a +2 helmet (worn)
 P - a +2 cloak (worn)
 S - the +0 leather armour "Fuhar" (worn) {rC+}
   (You found it on level 7 of the Dungeon)

   It protects you from cold.
 X - a +0 pair of gloves (worn)
Magical Staves
 j - a staff of cold
Jewellery
 p - an amulet of faith
 s - a +4 ring of protection (left hand)
Wands
 e - a wand of iceblast (9)
 k - a wand of polymorph (7)
 G - a wand of paralysis (16)
 I - a wand of flame (43)
 K - a wand of charming (15)
 M - a wand of acid (7)
Scrolls
 a - a scroll of amnesia {unknown}
 i - a scroll of enchant weapon {unknown}
 m - a scroll of silence
 o - a scroll of enchant armour
 r - 2 scrolls of identify
 v - 2 scrolls of noise
 y - 3 scrolls of teleportation
 B - 2 scrolls of fear
 F - a scroll of vulnerability {unknown}
 V - a scroll of immolation {unknown}
 W - a scroll of blinking
Potions
 d - 4 potions of heal wounds
 f - a potion of haste {unknown}
 h - 2 potions of cancellation
 n - 3 potions of might
 x - a potion of attraction {unknown}
 z - 4 potions of resistance
 A - 3 potions of curing
 C - 2 potions of flight
 D - 2 potions of berserk rage
 H - a potion of brilliance
 J - 2 potions of magic
 Y - a potion of lignification
Miscellaneous
 c - a tin of tremorstones (2/2)


   Skills:
 * Level 7.0 Fighting
 * Level 5.3 Short Blades
 * Level 5.3 Armour
 * Level 8.3 Dodging
 - Level 5.0 Stealth
 * Level 7.0 Shields
 + Level 9.7 Spellcasting
 * Level 6.1 Evocations


You couldn't memorise any spells.
You knew the following spells:

 Your Spells              Type           Power      Damage    Failure   Level
a - Sandblast             Erth           100%       2d20      1%          1
b - Mephitic Cloud        Conj/Pois/Air  52%        N/A       1%          3
c - Beastly Appendage     Tmut           100%       N/A       1%          1
d - Petrify               Tmut/Erth      52%        N/A       1%          4
e - Vampiric Draining     Necr           26%        2d9       1%          3
f - Stone Arrow           Conj/Erth      100%       3d13      1%          3
g - Silence               Hex/Air        26%        N/A       4%          5
p - Poisonous Vapours     Pois/Air       100%       N/A       1%          2
v - Lee's Rapid Deconstr  Erth           26%        3d15*     4%          5
w - Passwall              Tmut/Erth      43%        N/A       1%          2
E - Borgnjor's Vile Clut  Necr/Erth      26%        N/A       4%          5
Your spell library was empty.

Dungeon Overview and Level Annotations

Branches:
Dungeon (13/15)            Temple (1/1) D:7            Lair (0/6) D:10
    Orc (0/2) D:11
 Vaults: D:13-14

Altars:
Ashenzari
Cheibriados
Dithmenos
Elyvilon
Fedhas
Gozag
Hepliaklqana
Kikubaaqudgha
Makhleb
Nemelex Xobeh
Okawaru
Qazlal
Ru
Sif Muna
Trog
Uskayaw
Vehumet
Wu Jian
Xom
Yredelemnul
Zin
The Shining One
Beogh

Shops:
D:5 :   D:8 :   D:11 =   D:12 *

Annotations:
D:7 2 transporters


Innate Abilities, Weirdness & Mutations

You are immune to sickness and miasma.
You are immune to poison.
Your flesh is very heat resistant. (rF++)
You are vulnerable to cold. (rC-)
You float through the air rather than walking.
You learn spells naturally, not from books.
Your magical power is your life essence.
You have superior vitality. (+4 HP)


Message History

Confirm with . or Enter, or press ? or * to list all spells.
You can't see any susceptible monsters within range! (Use Z to cast anyway.) Unknown command.
Casting: Lee's Rapid Deconstruction (dangerous; 4% risk of failure)
Confirm with . or Enter, or press ? or * to list all spells.
Aiming: Lee's Rapid Deconstruction (dangerous; 4% risk of failure)
Press: ? - help, Dir - move target A stone wall.
The wall shatters!
The blast of rock fragments hits the freezing wraith but does no damage.
The freezing wraith is severely damaged.
The freezing wraith closely misses you. The freezing wraith misses you.
Casting: Lee's Rapid Deconstruction (dangerous; 4% risk of failure)
Confirm with . or Enter, or press ? or * to list all spells.
Aiming: Lee's Rapid Deconstruction (dangerous; 4% risk of failure)
Press: ? - help, Dir - move target A stone wall.
The wall shatters!
The blast of rock fragments hits the freezing wraith.
The freezing wraith is almost destroyed.
The freezing wraith hits you! The freezing wraith freezes you!!
* * * LOW HITPOINT WARNING * * *
The freezing wraith hits you but does no damage.
Casting: Lee's Rapid Deconstruction (dangerous; 4% risk of failure)
Confirm with . or Enter, or press ? or * to list all spells.
Aiming: Lee's Rapid Deconstruction (dangerous; 4% risk of failure)
Press: ? - help, Dir - move target A stone wall.
The wall shatters!
The blast of rock fragments hits the freezing wraith!
You destroy the freezing wraith!
* * * LOW HITPOINT WARNING * * *
Unknown command.
You start resting.
A centaur warrior comes into view. It is wielding a +0 quarterstaff.
The centaur warrior unwields a +0 quarterstaff.
The centaur warrior wields a +0 shortbow.
The centaur warrior shoots an arrow.
The arrow hits you!
You die...
Your body crumbles into a pile of gold.

#.. ..#. #....> +.c
..' ...... ..♣♣♣..
..... ..... #....
... ##.###.... #'#
#####.:.#.....
#$###..##..........
#.##..(#.......#...
#.@..........###...
##.....<...........
##..#.[.....^.....
##.#.............
#................
#...........###..
#####........#...
#........###...
##......## ###.


You could see a centaur warrior.

Vanquished Creatures
  2 hydras
  A boulder beetle (D:12)
  A centaur warrior (D:13)
  A death knight (D:13)
  4 two-headed ogres
  5 skeletal warriors
  An orc knight (D:11)
  A deep elf pyromancer (D:11)
  A manticore (D:12)
  An ugly thing (D:12)
  An unseen horror (D:12)
  A freezing wraith (D:13)
  An efreet (D:13)
  A hornet (D:8)
  3 trolls
  A yak (D:10)
  A shadow (D:9)
  2 fire elementals (D:12)
  A basilisk (D:10)
  3 wyverns
  8 humans (D:13)
  A steam dragon (D:9)
  Menkaure (D:4)
  A hornet zombie (D:6)
  A sky beast (D:5)
  3 black bears
  6 orc warriors
  An ice beast (D:5)
  2 necrophages
  3 ogres
  4 centaurs
  A phantom (D:6)
  2 kobold brigands
  A gnoll sergeant (D:9)
  2 scorpions (D:4)
  19 killer bees
  9 wights
  A lava snake (D:12)
  A bullfrog skeleton (D:4)
  6 centaur zombies
  2 gnoll shamans
  2 hounds
  3 jellies
  3 centaur skeletons
  5 orc priests
  An iguana (D:6)
  9 orc wizards
  A hound skeleton (D:4)
  Robin (D:3)
  18 gnolls
  5 adders
  2 white imps
  An ufetubus (D:6)
  4 worms
  A dart slug (D:1)
  62 orcs
  5 bats
  7 endoplasms
  3 giant cockroaches
  9 goblins
  11 hobgoblins
  3 quokkas
  9 ball pythons
  6 frilled lizards
  13 kobolds
  6 rats
298 creatures vanquished.

Vanquished Creatures (others)
  A vault guard (D:13)
  A fungus (D:10)
  A plant (D:10)
  4 toadstools (D:7)
7 creatures vanquished.

Grand Total: 305 creatures vanquished

Notes
Turn   | Place    | Note
-------+----------+-------------------------------------------
     0 | D:1      | MordorOrchid the Djinni Earth Elementalist began the quest
                  | for the Orb.
     0 | D:1      | Reached XP level 1. HP: 15/15 MP: 0/0
    31 | D:1      | Reached XP level 2. HP: 13/21 MP: 0/0
   792 | D:1      | Found a faded altar of an unknown god.
   963 | D:1      | Reached XP level 3. HP: 24/26 MP: 0/0
   963 | D:1      | Learned a level 1 spell: Beastly Appendage
  1809 | D:2      | Reached skill level 1 in Fighting
  1809 | D:2      | Reached skill level 3 in Spellcasting
  1809 | D:2      | Reached XP level 4. HP: 25/32 MP: 0/0
  2489 | D:2      | Found a shimmering altar of Xom.
  2686 | D:2      | Reached skill level 1 in Shields
  2811 | D:3      | Reached XP level 5. HP: 18/37 MP: 0/0
  2811 | D:3      | Learned a level 2 spell: Poisonous Vapours
  3456 | D:3      | Noticed Robin
  3553 | D:3      | Killed Robin
  3835 | D:3      | Reached XP level 6. HP: 43/43 MP: 0/0
  3862 | D:3      | Noticed an ogre
  3867 | D:3      | Killed an ogre
  4183 | D:3      | Found a sparkling altar of Nemelex Xobeh.
  4273 | D:4      | Noticed Menkaure
  4397 | D:4      | Killed Menkaure
  4398 | D:4      | Reached skill level 4 in Spellcasting
  4398 | D:4      | Reached XP level 7. HP: 39/49 MP: 0/0
  4398 | D:4      | Learned a level 3 spell: Vampiric Draining
  4811 | D:4      | Reached XP level 8. HP: 43/56 MP: 0/0
  5855 | D:5      | Entered Level 5 of the Dungeon
  5860 | D:5      | Reached skill level 5 in Spellcasting
  6647 | D:5      | Reached skill level 1 in Evocations
  6753 | D:5      | Found a glowing golden altar of the Shining One.
  6753 | D:5      | Found a hide-covered altar of Uskayaw.
  6868 | D:5      | Found Gomah's Book Shop.
  7072 | D:6      | Reached XP level 9. HP: 36/62 MP: 0/0
  7072 | D:6      | Learned a level 3 spell: Mephitic Cloud
  7235 | D:6      | Identified the +5 falchion of Cataclysm {drain, rPois
                  | Dex+3}
  7277 | D:6      | Reached skill level 5 in Dodging
  7974 | D:6      | Noticed a two-headed ogre
  7997 | D:6      | Killed a two-headed ogre
  7998 | D:6      | Reached skill level 1 in Short Blades
  7998 | D:6      | Reached skill level 6 in Spellcasting
  9091 | D:7      | Reached XP level 10. HP: 63/69 MP: 0/0
  9092 | D:7      | Reached skill level 5 in Stealth
  9171 | D:7      | Identified the +0 leather armour "Fuhar" {rC+}
  9173 | D:7      | Found a transporter.
  9345 | D:7      | Found a staircase to the Ecumenical Temple.
  9548 | D:7      | You are sucked into a shaft and drop 3 floors!
  9548 | D:10     | Entered Level 10 of the Dungeon
  9751 | D:9      | Reached skill level 1 in Armour
  9970 | D:7      | Found a transporter.
 10087 | D:7      | Found a runed translucent door.
 10214 | D:7      | Reached skill level 5 in Fighting
 10370 | D:7      | Reached skill level 7 in Spellcasting
 11580 | D:8      | Found Bud Jije's Book Boutique.
 11716 | D:8      | Reached skill level 5 in Shields
 11963 | D:8      | Found a shimmering altar of Xom.
 11963 | D:8      | Found a shimmering altar of Xom.
 11963 | D:8      | Found a shimmering altar of Xom.
 11963 | D:8      | Found a shimmering altar of Xom.
 11964 | D:8      | Found a shimmering altar of Xom.
 11964 | D:8      | Found a shimmering altar of Xom.
 11965 | D:8      | Found a shimmering altar of Xom.
 12716 | D:9      | Found a sacrificial altar of Ru.
 12848 | D:9      | Reached XP level 11. HP: 61/76 MP: 0/0
 12848 | D:9      | Learned a level 5 spell: Borgnjor's Vile Clutch
 13302 | D:10     | Noticed a two-headed ogre
 13321 | D:10     | Killed a two-headed ogre
 13857 | D:10     | Found a glowing silver altar of Zin.
 13875 | D:10     | Found a staircase to the Lair.
 13914 | D:10     | Reached skill level 8 in Spellcasting
 14153 | D:10     | You are sucked into a shaft and drop 1 floor!
 14154 | D:11     | Noticed a deep elf pyromancer
 14161 | D:11     | Killed a deep elf pyromancer
 14196 | D:11     | Noticed an orc knight
 14209 | D:11     | Killed an orc knight
 14235 | D:11     | Found Plog's Jewellery Emporium.
 14994 | D:11     | Found a staircase to the Orcish Mines.
 15658 | Temple   | Entered the Ecumenical Temple
 15688 | Temple   | Became a worshipper of Gozag Ym Sagoz the Greedy
 15937 | D:12     | Noticed a green ugly thing
 15948 | D:12     | Killed a green ugly thing
 16174 | D:12     | Noticed a skeletal warrior
 16176 | D:12     | Noticed a skeletal warrior
 16177 | D:12     | Noticed a skeletal warrior
 16178 | D:12     | Killed a skeletal warrior
 16178 | D:12     | Noticed a skeletal warrior
 16183 | D:12     | Noticed a skeletal warrior
 16200 | D:11     | Killed a skeletal warrior
 16201 | D:11     | Reached skill level 5 in Evocations
 16508 | D:12     | Killed a skeletal warrior
 16509 | D:12     | Reached XP level 12. HP: 62/83 MP: 0/0
 16889 | D:12     | Noticed a boulder beetle
 16893 | D:12     | Noticed a two-headed ogre
 16902 | D:12     | Killed a boulder beetle
 16958 | D:12     | Noticed a six-headed hydra
 16987 | D:12     | Killed a skeletal warrior
 17165 | D:11     | You are sucked into a shaft and drop 2 floors!
 17165 | D:13     | Noticed a death knight
 17222 | D:12     | Killed a skeletal warrior
 17223 | D:12     | Reached skill level 9 in Spellcasting
 17236 | D:12     | Killed a six-headed hydra
 17346 | D:12     | Killed a two-headed ogre
 17622 | D:12     | Found Wazoc's General Store.
 17630 | D:12     | Bought a +2 buckler of reflection for 296 gold pieces
 17630 | D:12     | Bought a scroll of identify for 32 gold pieces
 17630 | D:12     | Bought a wand of charming (8) for 160 gold pieces
 17771 | D:12     | Reached skill level 5 in Short Blades
 17788 | D:12     | Noticed a two-headed ogre
 17799 | D:12     | Killed a two-headed ogre
 18155 | D:13     | Killed a vault guard
 18162 | D:13     | Noticed a seven-headed hydra
 18174 | D:13     | Killed a seven-headed hydra
 18190 | D:13     | Reached skill level 5 in Armour
 18232 | D:13     | Noticed a centaur warrior
 18245 | D:13     | Killed a centaur warrior
 18641 | D:13     | Killed a death knight
 18642 | D:13     | Reached XP level 13. HP: 11/90 MP: 0/0
 18642 | D:13     | Learned a level 5 spell: Silence
 18807 | D:13     | Identified the +10 great mace of Dissatisfaction {venom,
                  | rPois rCorr Str+5}
 19082 | D:13     | Noticed a centaur warrior
 19083 | D:13     | Shot with an arrow by a centaur warrior

Illustrated notes

Levels and vault maps discovered:
D:1:      elethiomel_arrival_fortress_basement, layout_basic,
          hellmonk_ecumenical_altar_pennies_from_heaven, st_stairs_11
D:2:      layout_basic, basic_altar, kennysheep_generic_room_7
D:3:      layout_rooms, nemelex_diamond_rough_becter, serial_curves,
          eino_curves_04, eino_curves_02, eino_curves_03, eino_curves_01,
          uniq_robin
D:4:      layout_gridville, minmay_unequal, uniq_menkaure
D:5:      layout_loops_ring, gammafunk_temple_overflow_claw, serial_shops, shop
D:6:      layout_gridville
D:7:      gammafunk_cloud_chamber, layout_basic, minmay_temple_entry_mini_moons,
          minmay_gold_behind_fungi, lightli_church_of_beogh
D:8:      layout_basic, xom_redecorated, serial_shops, shop, nrook_campfire,
          minmay_misc_feat_square
D:9:      layout_long_grid, nicolae_overflow_crystal_walls
D:10:     layout_stronghold, kennysheep_mini_moat, david_lair_generic,
          dk_vineyard_2, kennysheep_pointless_box
D:11:     layout_basic, orc_0_dummy, serial_shops, shop_statue,
          minmay_stone_trees_medium
D:12:     layout_basic, serial_shops, nicolae_shop_statue_plus,
          chequers_serial_rivers_micro_a, kennysheep_dice
D:13:     layout_cave_pools, ximxim_vaults_locker_room, serial_shops, shop,
          kennysheep_generic_room_11
Temple:   eino_wide_crystal_templ

Skill      XL: |  1  2  3  4  5  6  7  8  9 10 11 12 |
---------------+-------------------------------------+-----
Fighting       | 1 2 3 4 5 6 7 |  7.0
Stealth        | 2 3 4 5 |  5.0
Spellcasting   | 3 4 5 6 7 8 9 |  9.7
Shields        | 1 2 3 4 5 6 7 |  7.0
Dodging        | 3 4 5 6 7 8 |  8.3
Evocations     | 1 2 3 5 6 |  6.1
Short Blades   | 1 3 4 5 |  5.3
Armour         | 2 4 5 |  5.3

Action                   |  1- 3 |  4- 6 |  7- 9 | 10-12 | 13-15 || total
-------------------------+-------+-------+-------+-------+-------++-------
Melee: Dagger            |   101 |    98 |    27 |   113 |       ||   339
 Cast: Sandblast         |    30 |     8 |    17 |    17 |       ||    72
       Stone Arrow       |       |    12 |    56 |   103 |     3 ||   174
       Poisonous Vapours |       |    32 |    71 |   100 |       ||   203
       Vampiric Draining |       |       |     3 |     5 |       ||     8
       Petrify           |       |       |     6 |    44 |       ||    50
       Lee's Rapid Decon |       |       |       |    24 |     5 ||    29
       Borgnjor's Vile C |       |       |       |    24 |     2 ||    26
Evoke: Wand              |       |       |       |     1 |       ||     1
  Use: Scroll            |       |       |     9 |    10 |       ||    19
       Potion            |       |       |       |     1 |       ||     1
 Stab: Sleeping          |     4 |     3 |     1 |       |       ||     8
       Petrified         |       |       |    20 |    79 |       ||    99
       Petrifying        |       |       |     1 |     6 |       ||     7
       Paralysed         |       |       |       |     2 |       ||     2
Armor: Robe              |    24 |    22 |     4 |     6 |       ||    56
       Leather armour    |       |       |       |    24 |     1 ||    25
Dodge: Dodged            |    89 |    54 |    11 |    62 |     4 ||   220
Block: Buckler           |       |       |       |    34 |     1 ||    35
       Reflection        |       |       |       |     1 |       ||     1

Table legend: (Time is in decaauts)
 A = Elapsed time spent in this place.
 B = Non-inter-level travel time spent in this place.
 C = Inter-level travel time spent in this place.
 D = Time resting spent in this place.
 E = Time spent auto-exploring this place.
 F = Levels seen in this place.
 G = Mean time per level.
                   A        B        C        D        E       F      G
               +--------+--------+--------+--------+--------+-----+--------+
         Total |  19013 |  18261 |    752 |   2395 |  13349 |  14 | 1358.1 |
       Dungeon |  18962 |  18232 |    730 |   2395 |  13323 |  13 | 1458.6 |
        Temple |     51 |     30 |     21 |      0 |     26 |   1 |   51.0 |
               +--------+--------+--------+--------+--------+-----+--------+

Top non-repeatable levels by time:
    D:12: 1781 daAuts
     D:6: 1726 daAuts
    D:10: 1662 daAuts
     D:7: 1613 daAuts
    D:11: 1601 daAuts
     D:1: 1594 daAuts
     D:2: 1569 daAuts
     D:8: 1488 daAuts
     D:4: 1357 daAuts
     D:9: 1334 daAuts
     D:3: 1312 daAuts
     D:5: 1204 daAuts
    D:13: 717 daAuts
  Temple: 51 daAuts
